 Dungeon Crawl Stone Soup version 0.29-a0-284-gf9362112df (webtiles) character file.

Game seed: 3547899855581201401

175 being54 the Sneak (level 5, -7/24 HPs)
             Began as a Spriggan Enchanter on Mar 25, 2022.
             Mangled by Pikel
             ... wielding a +2 whip of flaming
              (10 damage)
             ... on level 4 of the Dungeon.
             The game lasted 00:06:31 (3724 turns).

being54 the Sneak (Spriggan Enchanter)              Turns: 3724, Time: 00:06:32

Health: -7/24      AC:  9    Str:  7    XL:     5   Next: 29%
Magic:  5/19       EV: 19    Int: 16    God:
Gold:   169        SH:  0    Dex: 18    Spells: 5/10 levels left

rFire   x . .      SeeInvis +   a - +1 dagger (protect)
rCold   + . .      Faith    +   (no shield)
rNeg    . . .      Spirit   .   b - +0 robe
rPois   +          Reflect  .   (helmet restricted)
rElec   .          Harm     .   (no cloak)
rCorr   .          Rampage  .   (gloves unavailable)
Will    +....                   (boots unavailable)
Stlth   ++++......              h - amulet of faith
HPRegen 0.08/turn               k - ring "Lasy Redgh" {Ice rPois Will+ MP+9 Str+3}
MPRegen 0.16/turn               (no ring)

@: under a protective aura, very quick
A: very small, no large weapons, unfitting armour, see invisible, speed 3
a: no special abilities


You were on level 4 of the Dungeon.
You visited 1 branch of the dungeon, and saw 4 of its levels.

You collected 169 gold pieces.

Inventory:

Hand Weapons
 a - a +1 dagger of protection (weapon)
Armour
 b - a +0 robe (worn)
Jewellery
 h - an amulet of faith (around neck)
 k - the ring "Lasy Redgh" (left hand) {Ice rPois Will+ MP+9 Str+3}
   (You found it on level 2 of the Dungeon)

   [ring of ice]

   It enhances your ice magic.
   Str:       It affects your strength (+3).
   rF:        It makes you vulnerable to fire.
   rC:        It protects you from cold.
   rPois:     It protects you from poison.
   MP:        It affects your magic capacity (+9).
   Will:      It increases your willpower.
Wands
 g - a wand of digging (2)
Scrolls
 f - 2 scrolls of teleportation
Potions
 c - 2 potions of invisibility
 d - 2 potions of heal wounds
 e - a potion of curing
 i - a potion of flight
 j - a potion of magic {unknown}
 l - a potion of mutation {unknown}


   Skills:
 - Level 1.1 Short Blades
 - Level 5.0 Dodging
 - Level 7.0 Stealth
 + Level 3.0 Spellcasting
 * Level 4.1 Hexes
 + Level 0.5 Ice Magic


You had 5 spell levels left.
You knew the following spells:

 Your Spells              Type           Power      Damage    Failure   Level
a - Ensorcelled Hibernat  Hex/Ice        28%        N/A       11%         2
b - Tukima's Dance        Hex            15%        N/A       11%         3

Your spell library contained the following spells:

 Spells                   Type           Power      Damage    Failure   Level
 Confusing Touch          Hex            15%        N/A       11%         3
 Dazzling Flash           Conj/Hex       18%        N/A       24%         3
 Ozocubu's Armour         Ice            6%         N/A       41%         3
 Ozocubu's Refrigeration  Ice            3%         4d5       100%        7


Dungeon Overview and Level Annotations

Branches:
Dungeon (4/15)
 Temple: D:4-7

Altars:
Elyvilon

Annotations:
D:4 1 runed translucent door, Pikel


Innate Abilities, Weirdness & Mutations

You are very small and have problems with some larger weapons.
You are too small for most types of armour.
You have supernaturally acute eyesight. (SInv)
You cover ground extremely quickly. (Speed+++)


Message History

Casting: Ensorcelled Hibernation (safe; 11% risk of failure)
Confirm with . or Enter, or press ? or * to list all spells.
Aiming: Ensorcelled Hibernation (safe; 11% risk of failure)
Press: ? - help, Shift-Dir - straight line, f - Pikel
Aim: Pikel, wielding a +2 whip of flaming and wearing a +0 robe (chance to affect: 48%)
You feel a surge of power!
Pikel resists with some effort.
Pikel closely misses you.
Casting: Ensorcelled Hibernation (safe; 11% risk of failure)
Confirm with . or Enter, or press ? or * to list all spells.
Aiming: Ensorcelled Hibernation (safe; 11% risk of failure)
Press: ? - help, Shift-Dir - straight line, f/p - Pikel
Aim: Pikel, wielding a +2 whip of flaming and wearing a +0 robe (chance to affect: 48%)
You feel a surge of power!
Pikel resists with some effort.
The lemure hits you but does no damage. The lemure misses you.
Pikel hits you with a +2 whip of flaming.
Pikel burns you.
Casting: Ensorcelled Hibernation (safe; 11% risk of failure)
Confirm with . or Enter, or press ? or * to list all spells.
Aiming: Ensorcelled Hibernation (safe; 11% risk of failure)
Press: ? - help, Shift-Dir - straight line, f/p - Pikel
Aim: Pikel, wielding a +2 whip of flaming and wearing a +0 robe (chance to affect: 48%)
You feel a surge of power!
Pikel resists with some effort.
The lemure closely misses you. The lemure hits you but does no damage.
Pikel hits you with a +2 whip of flaming.
Pikel burns you.
Casting: Ensorcelled Hibernation (safe; 11% risk of failure)
Confirm with . or Enter, or press ? or * to list all spells.
Aiming: Ensorcelled Hibernation (safe; 11% risk of failure)
Press: ? - help, Shift-Dir - straight line, f/p - Pikel
Aim: Pikel, wielding a +2 whip of flaming and wearing a +0 robe (chance to affect: 48%)
You feel a surge of power!
Pikel looks drowsy...
The lemure hits you!
* * * LOW HITPOINT WARNING * * *
The lemure completely misses you.
The helpless Pikel fails to defend himself.
You impale Pikel!!
Your weapon exudes an aura of protection.
Pikel is severely wounded.
The lemure hits you but does no damage. The lemure barely misses you.
Pikel hits you with a +2 whip of flaming!
You die...

...... ..... ....
#... ##..###
..5..#
#.##5#.#######
#..5@K........
##..##.####.. #.#
#.## ##
#..###.<###...##
.........†....##P
..#.#####....#.#..
##.. ##.#.# # #..
#.#... ..# #.+.


You could see Pikel and 3 lemures.

Vanquished Creatures
  A lemure (D:4)
  Natasha (thrice) (D:3)
  An iguana (D:4)
  An adder (D:4)
  A worm (D:3)
  A dart slug (D:1)
  8 orcs
  7 ball pythons
  2 bats (D:1)
  An endoplasm (D:1)
  3 giant cockroaches
  11 goblins
  2 hobgoblins (D:3)
  6 kobolds
  A quokka (D:2)
  A frilled lizard (D:3)
  3 rats
53 creatures vanquished.

Notes
Turn   | Place    | Note
-------+----------+-------------------------------------------
     0 | D:1      | being54 the Spriggan Enchanter began the quest for the Orb.
     0 | D:1      | Reached XP level 1. HP: 9/9 MP: 5/5
   421 | D:1      | Reached skill level 5 in Stealth
   451 | D:1      | Found a faded altar of an unknown god.
   479 | D:1      | Reached XP level 2. HP: 13/13 MP: 6/6
   482 | D:1      | Learned a level 2 spell: Ensorcelled Hibernation
   948 | D:1      | You fall into a shaft and drop 1 floor!
   963 | D:2      | Identified the ring "Lasy Redgh" {Ice rPois Will+ MP+9
                  | Str+3}
  1197 | D:2      | Found a white marble altar of Elyvilon.
  1347 | D:2      | Reached XP level 3. HP: 16/16 MP: 8/8
  1351 | D:2      | Learned a level 3 spell: Tukima's Dance
  1538 | D:2      | Reached skill level 6 in Stealth
  2299 | D:3      | Identified the +6 whip of the Onslaught {spect, Fly rN+
                  | rCorr Int-2}
  2810 | D:3      | Noticed Natasha
  2834 | D:3      | Killed Natasha
  2835 | D:3      | Reached skill level 7 in Stealth
  2835 | D:3      | Reached XP level 4. HP: 16/21 MP: 9/9
  3209 | D:3      | Noticed Natasha
  3214 | D:3      | Killed Natasha
  3375 | D:3      | Noticed Natasha
  3407 | D:3      | Killed Natasha
  3408 | D:3      | Reached skill level 5 in Dodging
  3408 | D:3      | Reached XP level 5. HP: 8/24 MP: 10/10
  3623 | D:4      | Noticed Pikel
  3623 | D:4      | Noticed a lemure
  3699 | D:4      | Found a runed translucent gate.
  3707 | D:4      | Noticed a lemure
  3707 | D:4      | Noticed a lemure
  3707 | D:4      | Noticed a lemure
  3719 | D:4      | Killed a lemure
  3724 | D:4      | Mangled by Pikel

Illustrated notes

Levels and vault maps discovered:
D:1:      roderic_dead_forest, layout_loops_cross,
          hellmonk_ecumenical_altar_heavens_door
D:2:      layout_loops_cross, basic_altar, kennysheep_decorative_pillar,
          minmay_misc_feat_diagonals
D:3:      layout_basic, uniq_natasha
D:4:      layout_rooms, dancing_weapons_uskayaw, gammafunk_ghost_nasty_kobolds,
          uniq_crazy_yiuf_cottage, uniq_robin, uniq_pikel

Skill      XL: |  1  2  3  4  5 |
---------------+----------------+-----
Dodging        | 3 4 5 |  5.0
Stealth        | 5 7 |  7.0
Hexes          | 4 |  4.1
Spellcasting   | 3 |  3.0
Short Blades   | |  1.1
Ice Magic      | |  0.5

Action                   |  1- 3 |  4- 6 || total
-------------------------+-------+-------++-------
Melee: Dagger            |   167 |    30 ||   197
       Punch             |     1 |       ||     1
 Cast: Ensorcelled Hiber |    11 |    10 ||    21
  Use: Scroll            |     5 |     2 ||     7
 Stab: Sleeping          |    22 |     7 ||    29
       Distracted        |     2 |       ||     2
Armor: Robe              |    25 |     9 ||    34
Dodge: Dodged            |   106 |    27 ||   133

Table legend: (Time is in decaauts)
 A = Elapsed time spent in this place.
 B = Non-inter-level travel time spent in this place.
 C = Inter-level travel time spent in this place.
 D = Time resting spent in this place.
 E = Time spent auto-exploring this place.
 F = Levels seen in this place.
 G = Mean time per level.
                   A        B        C        D        E       F      G
               +--------+--------+--------+--------+--------+-----+--------+
         Total |   2823 |   2567 |    256 |    495 |   1669 |   4 |  705.8 |
       Dungeon |   2823 |   2567 |    256 |    495 |   1669 |   4 |  705.8 |
               +--------+--------+--------+--------+--------+-----+--------+

Top non-repeatable levels by time:
     D:3: 1138 daAuts
     D:2: 828 daAuts
     D:1: 825 daAuts
     D:4: 30 daAuts
